 Dungeon Crawl Stone Soup version 0.29.1-15-g9cfb28693d (webtiles) character file.

Game seed: 16547068532406199511

347 Heoruswealwe the Shooter (level 6, -2/38 HPs)
             Began as a Kobold Hunter on Feb 26, 2023.
             Was a Follower of Okawaru.
             Succumbed to a scorpion's poison
             ... on level 4 of the Dungeon.
             The game lasted 00:50:45 (4454 turns).

Heoruswealwe the Shooter (Kobold Hunter)            Turns: 4454, Time: 00:50:45

Health: -2/38      AC:  6    Str:  8    XL:     6   Next: 90%
Magic:  6/6        EV: 16    Int: 10    God:    Okawaru [*.....]
Gold:   87         SH:  0    Dex: 21    Spells: 5/5 levels left

rFire   . . .      SeeInvis .   R - +1 arbalest
rCold   . . .      Faith    .   (shield currently unavailable)
rNeg    . . .      Spirit   .   c - +0 leather armour
rPois   .          Reflect  .   D - +0 helmet
rElec   .          Harm     .   q - +0 cloak
rCorr   .          Rampage  .   (no gloves)
Will    .....                   i - +0 pair of boots
Stlth   ++++......              V - amulet of the acrobat
HPRegen 0.12/turn               (no ring)
MPRegen 0.10/turn               (no ring)

@: lethally poisoned (-2 -> -21)
A: small, no large weapons, nightstalker 3
a: Renounce Religion, Heroism


You were on level 4 of the Dungeon.
You worshipped Okawaru.
Okawaru was aware of your devotion.
You visited 1 branch of the dungeon, and saw 4 of its levels.

You collected 87 gold pieces.

Inventory:

Hand Weapons
 e - a +0 club
 h - a +0 dagger of speed
 j - a +0 dagger
 l - a +0 dagger
 m - a +0 war axe
 o - a +2 dagger of speed
 s - a +0 club
 t - a +0 dagger
 x - a +0 club
 y - a +0 club
 z - a +0 club
 B - a +0 dagger
 E - a +0 hand axe
 F - a +0 mace
 J - a +0 dagger
 K - a +0 club
 L - a +0 club
 N - a +0 spear
 O - a +0 whip
 Q - a +0 whip
 R - a +1 arbalest (weapon)
 S - a +0 whip
 T - a +0 whip
 U - a +0 dagger
Missiles
 a - 6 stones
Armour
 c - a +0 leather armour (worn)
 i - a +0 pair of boots (worn)
 k - a +0 robe
 n - a +0 robe
 q - a +0 cloak (worn)
 r - a +0 robe
 w - a +0 leather armour
 A - a +0 ring mail
 D - a +0 helmet (worn)
 G - a +1 chain mail of fire resistance
 H - a +0 ring mail
Magical Staves
 u - a staff of fire
Jewellery
 V - an amulet of the acrobat (around neck)
Scrolls
 b - a scroll of immolation
 d - a scroll of teleportation
 C - a scroll of fog {unknown}
 M - a scroll of fear
Potions
 f - a potion of invisibility
 g - 2 potions of degeneration
 p - a potion of might
 v - a potion of curing {unknown}
 I - a potion of flight
 P - a potion of haste


   Skills:
 + Level 3.8 Fighting
 * Level 7.4 Ranged Weapons
 + Level 4.2 Dodging
 + Level 4.4 Stealth


You had 5 spell levels left.
You didn't know any spells.
Your spell library contained the following spells:

 Spells                   Type           Power      Damage    Failure   Level
 Magic Dart               Conj           0%         1d3       50%         1
 Gell's Gravitas          Tloc           0%         N/A       86%         3
 Lesser Beckoning         Tloc           0%         N/A       86%         3
 Mephitic Cloud           Conj/Pois/Air  0%         N/A       86%         3
 Teleport Other           Tloc           0%         N/A       86%         3
 Call Imp                 Summ           Unusable   N/A       N/A         2
 Animate Dead             Necr           Unusable   N/A       N/A         4
 Haunt                    Necr/Summ      Unusable   N/A       N/A         7
 Infestation              Necr           Unusable   N/A       N/A         8

Dungeon Overview and Level Annotations

Branches:
Dungeon (4/15)
 Temple: D:4-7

Altars:
Cheibriados
Kikubaaqudgha
Okawaru
Sif Muna
Vehumet
Xom

Shops:
D:2 [!(


Innate Abilities, Weirdness & Mutations

You are small and have problems with some larger weapons.
You are completely attuned to the shadows.


Message History

The scorpion completely misses you. The scorpion stings you.
The scorpion completely misses you. The scorpion attacks as you move away!
The scorpion completely misses you. The scorpion attacks as you move away!
The scorpion misses you.
You shoot a bolt.
The bolt hits the scorpion but does no damage.
The scorpion stings you but does no damage.
The scorpion stings you.
You are poisoned.
The scorpion poisons you!
You shoot a bolt. The bolt closely misses the scorpion.
You feel very sick.
The scorpion stings you but does no damage.
The scorpion barely misses you.
You are too injured to fight recklessly!
You are too injured to fight recklessly!
You are too injured to fight recklessly!
You are too injured to fight recklessly!
Fire: R) +1 arbalest
Press: ? - help, Q - select action, (/) - cycle Shift-Dir - straight line, f/p - scorpion
Aim: a scorpion (63% to hit)
You shoot a bolt.
The bolt completely misses the scorpion.
You feel very sick. The scorpion misses you. The scorpion closely misses you.
Fire: R) +1 arbalest
Press: ? - help, Q - select action, (/) - cycle Shift-Dir - straight line, f/p - scorpion
Aim: a scorpion (63% to hit)
You shoot a bolt. The bolt closely misses the scorpion.
You feel sick. The scorpion stings you.
* * * LOW HITPOINT WARNING * * *
The scorpion stings you.
* * * LOW HITPOINT WARNING * * *
You are more poisoned.
The scorpion poisons you!
Fire: R) +1 arbalest
Press: ? - help, Q - select action, (/) - cycle Shift-Dir - straight line, f/p - scorpion
Aim: a scorpion (63% to hit)
You shoot a bolt. The bolt barely misses the scorpion.
You die...

#..$..... #.........†...
#.#._.#.# #.............
#.......#.#...........##
.#.#.......#...........# ##
...#.....###..###......# .#
.#<........#..# #......# .#
#.#.........#..# #......# .#
#.#####..s.....# #......## .#
#.#......@....## #........
.#######.#.########.#########.###
.......†.#.......................
.......############.#########.###
........................#####.##
.......############.###.#......#
.......# ##.###.#......# ########
#......#......# #......#......#


You could see a scorpion.

Vanquished Creatures
  A scorpion (D:4)
  3 orc wizards (D:4)
  Robin (D:2)
  8 gnolls
  An adder (D:2)
  A worm (D:3)
  3 dart slugs
  3 orcs (D:4)
  7 ball pythons
  9 endoplasms
  4 giant cockroaches
  20 goblins
  9 hobgoblins
  2 jackals (D:4)
  5 quokkas
  3 bats
  5 frilled lizards
  9 kobolds
  4 rats
  A spectral kobold (D:1)
  6 bushes (D:1)
105 creatures vanquished.

Vanquished Creatures (others)
  4 plants (D:1)
4 creatures vanquished.

Grand Total: 109 creatures vanquished

Notes
Turn   | Place    | Note
-------+----------+-------------------------------------------
     0 | D:1      | Heoruswealwe the Kobold Hunter began the quest for the Orb.
     0 | D:1      | Reached XP level 1. HP: 12/12 MP: 1/1
    50 | D:1      | Found a faded altar of an unknown god.
    58 | D:1      | Prayed at the altar of an unknown god.
    58 | D:1      | Became a worshipper of Warmaster Okawaru
    58 | D:1      | Reached * piety under Okawaru
   268 | D:1      | Reached XP level 2. HP: 16/18 MP: 2/2
   526 | D:1      | Reached XP level 3. HP: 22/22 MP: 3/3
  1699 | D:2      | Found Xovvesuf's Antique Armour Shop.
  1726 | D:2      | Noticed Robin
  1738 | D:2      | Reached XP level 4. HP: 23/27 MP: 4/4
  1747 | D:2      | Killed Robin
  1748 | D:2      | Reached skill level 6 in Ranged Weapons
  1776 | D:2      | Found a snail-covered altar of Cheibriados.
  2297 | D:2      | Found Byukon's Distillery.
  2595 | D:2      | Found Jewaj's Antique Weapon Shoppe.
  2794 | D:3      | Reached XP level 5. HP: 25/31 MP: 5/5
  4036 | D:4      | Found a radiant altar of Vehumet.
  4039 | D:4      | Reached XP level 6. HP: 37/37 MP: 6/6
  4048 | D:4      | Found an ancient bone altar of Kikubaaqudgha.
  4054 | D:4      | Reached skill level 7 in Ranged Weapons
  4065 | D:4      | Found a shimmering blue altar of Sif Muna.
  4435 | D:4      | Found a shimmering altar of Xom.
  4454 | D:4      | Succumbed to a scorpion's poison

Illustrated notes

Levels and vault maps discovered:
D:1:      sevenhm_arrival_forest_fort_small_3, layout_basic,
          dreamdust_ecumenical_altar_drowned_temple, minmay_tromino_v4_a
D:2:      layout_loops_corners, serial_shops, shop, nicolae_shop_behind_doors,
          nicolae_lakefront_shop, basic_altar, uniq_robin
D:3:      layout_basic
D:4:      layout_basic, palyth_temple_overflow_mages,
          nicolae_overflow_crystal_walls, mainiacjoe_overflow_tiny_flanked

Skill      XL: |  1  2  3  4  5  6 |
---------------+-------------------+-----
Stealth        | 2 3 4 |  4.4
Dodging        | 3 4 |  4.2
Ranged Weapons | 6 7 |  7.4
Fighting       | 3 |  3.8

Action                   |  1- 3 |  4- 6 || total
-------------------------+-------+-------++-------
Melee: War axe           |   335 |       ||   335
       Punch             |     6 |       ||     6
 Fire: Shortbow          |    67 |    44 ||   111
       Arbalest          |       |   101 ||   101
  Use: Scroll            |     4 |     6 ||    10
       Potion            |       |     3 ||     3
Armor: Leather armour    |    10 |    26 ||    36
Dodge: Dodged            |    29 |    59 ||    88
